 Dungeon Crawl Stone Soup version 0.28.0-53-g5a82cb258f (webtiles) character file.

Game seed: 1539024160431584007

209 gobodom the Stinger (level 5, 0/37 HPs)
             Began as a Demonspawn Venom Mage on June 25, 2022.
             Slain by an ogre
             ... wielding a +0 giant club
              (12 damage)
             ... on level 3 of the Dungeon.
             The game lasted 00:10:35 (3555 turns).

gobodom the Stinger (Demonspawn Venom Mage)         Turns: 3555, Time: 00:10:36

Health: 0/37       AC: 12    Str: 11    XL:     5   Next: 55%
Magic:  7/9        EV: 12    Int: 16    God:
Gold:   136        SH:  0    Dex: 13    Spells: 9/10 levels left

rFire   . . .      SeeInvis .   e - +1 short sword (venom)
rCold   + . .      Faith    .   (no shield)
rNeg    . . .      Spirit   .   a - +0 robe
rPois   .          Reflect  .   (no helmet)
rElec   .          Harm     .   (no cloak)
rCorr   .          Rampage  .   (no gloves)
Will    .....                   i - +0 pair of boots
Stlth   ++........              (no amulet)
HPRegen 0.12/turn               h - ring of protection from cold
MPRegen 0.11/turn               (no ring)

@: sanguine armoured
A: hooves 2, sanguine armour 2
a: no special abilities


You were on level 3 of the Dungeon.
You visited 1 branch of the dungeon, and saw 4 of its levels.

You collected 136 gold pieces.

Inventory:

Hand Weapons
 e - a +1 short sword of venom (weapon)
Missiles
 j - 4 poisoned darts
Armour
 a - a +0 robe (worn)
 i - a +0 pair of boots (worn)
Jewellery
 h - a ring of protection from cold (left hand)
Scrolls
 b - a scroll of brand weapon {unknown}
 f - a scroll of teleportation {unknown}
 k - a scroll of vulnerability {unknown}
 l - a scroll of blinking
 o - a scroll of holy word {unknown}
Potions
 c - a potion of flight {unknown}
 d - a potion of magic
 g - a potion of mutation
 m - a potion of brilliance
 n - a potion of haste {unknown}


   Skills:
 + Level 1.4 Fighting
 + Level 1.7 Short Blades
 + Level 2.3 Dodging
 + Level 2.3 Stealth
 + Level 3.0 Spellcasting
 + Level 1.9 Transmutations
 + Level 3.9 Poison Magic


You had 9 spell levels left.
You knew the following spells:

 Your Spells              Type           Power      Damage    Failure   Level
a - Sting                 Tmut/Pois      44%        1d5       5%          1

Your spell library contained the following spells:

 Spells                   Type           Power      Damage    Failure   Level
 Beastly Appendage        Tmut           16%        N/A       9%          1
 Poisonous Vapours        Pois/Air       16%        N/A       13%         2
 Wereblood                Tmut           8%         N/A       13%         2
 Spider Form              Tmut/Pois      11%        N/A       17%         3
 Mephitic Cloud           Conj/Pois/Air  6%         N/A       32%         3
 Olgreb's Toxic Radiance  Pois           14%        N/A       36%         4
 Frozen Ramparts          Ice            4%         1d2       50%         3
 Ice Form                 Ice/Tmut       5%         N/A       77%         4
 Summon Ice Beast         Ice/Summ       2%         N/A       88%         4


Dungeon Overview and Level Annotations

Branches:
Dungeon (4/15)
 Temple: D:4-7

Altars:
Ashenzari
Gozag


Innate Abilities, Weirdness & Mutations

You have hoof-like feet.
When seriously injured, your blood forms thick armour. (AC +9)


Message History

You kill the goblin!
The goblin closely misses you.
You hit the goblin.
You kill the goblin!
You hit the goblin.
The goblin is moderately wounded.
The goblin hits you but does no damage.
You barely miss the goblin.
The goblin is moderately wounded.
The goblin hits you but does no damage.
You hit the goblin.
You kill the goblin!
You barely miss the goblin. The goblin hits you with a +0 dagger.
You hit the goblin but do no damage.
The goblin is poisoned.
The goblin hits you but does no damage. The goblin hits you with a +0 dagger.
You miss the goblin.
The goblin is moderately wounded.
The goblin barely misses you. The goblin closely misses you.
You closely miss the goblin. The goblin hits you but does no damage.
The goblin barely misses you.
You hit the goblin.
You kill the goblin!
The goblin hits you but does no damage.
You kill the goblin!
The sting hits the ogre.
The ogre is poisoned.
The ogre is lightly wounded.
The sting hits the ogre.
The ogre looks even sicker.
The ogre is moderately wounded.
You hit the ogre but do no damage.
The ogre looks as sick as possible!
The ogre is moderately wounded.
The ogre misses you.
You hit the ogre.
The ogre is heavily wounded.
The ogre hits you with a +0 giant club!!
Ouch! That really hurt!
Your blood congeals into armour.
You hit the ogre.
The ogre looks as sick as possible!
The ogre is heavily wounded.
The ogre hits you with a +0 giant club!
You die...

#........# #........##########
######........##.......#
..............'.....>.#
.###.##.........##.......#
....##.÷.).....##...>...######
. ...#.#.########............#
...
#.#†#.#########.####......#
....#...#...gO@.....# #......#
........#...######### #......#
..####.....).# #......#
#..#.##O# #......#
####..#.#..( ########
#..÷..#.#.(.# #)##..#.#..?#
##.##....##### #.........#


You could see an ogre (extremely poisoned) and a goblin.

Vanquished Creatures
  An ice beast (D:3)
  4 adders
  2 worms
  An orc (D:3)
  6 bats
  6 endoplasms
  15 goblins
  6 hobgoblins
  7 quokkas
  10 ball pythons
  2 frilled lizards (D:1)
  4 kobolds
  5 rats
69 creatures vanquished.

Notes
Turn   | Place    | Note
-------+----------+-------------------------------------------
     0 | D:1      | gobodom the Demonspawn Venom Mage began the quest for the
                  | Orb.
     0 | D:1      | Reached XP level 1. HP: 13/13 MP: 3/3
    58 | D:1      | Found a faded altar of an unknown god.
   369 | D:1      | Reached skill level 1 in Transmutations
   587 | D:1      | Gained mutation: You have large cloven feet. [demonic
                  | ancestry]
   587 | D:1      | Reached XP level 2. HP: 19/19 MP: 1/5
  1737 | D:2      | Gained mutation: When seriously injured, your blood forms
                  | armour. (AC +9) [demonic ancestry]
  1737 | D:2      | Reached XP level 3. HP: 20/25 MP: 4/6
  2120 | D:2      | Reached skill level 1 in Short Blades
  2250 | D:2      | Gained mutation: You have hoof-like feet. [demonic
                  | ancestry]
  2250 | D:2      | Reached XP level 4. HP: 19/31 MP: 5/7
  2943 | D:2      | You fall into a shaft and drop 2 floors!
  2984 | D:4      | Found an opulent altar of Gozag.
  2988 | D:4      | Found a broken altar of Ashenzari.
  3193 | D:4      | Reached skill level 1 in Fighting
  3251 | D:3      | Noticed an ice beast
  3321 | D:3      | Killed an ice beast
  3322 | D:3      | Gained mutation: When seriously injured, your blood forms
                  | thick armour. (AC +9) [demonic ancestry]
  3322 | D:3      | Reached XP level 5. HP: 21/37 MP: 2/9
  3532 | D:3      | Noticed an ogre
  3555 | D:3      | Slain by an ogre

Illustrated notes

Levels and vault maps discovered:
D:1:      roderic_crossed_star, layout_loops_ring,
          hellmonk_ecumenical_altar_blasted
D:2:      layout_loops_cross
D:3:      layout_basic, minmay_ogre_servants, uniq_robin
D:4:      layout_loops_corners, grunt_temple_overflow_open, st_stairs_7,
          minmay_statues_item, minivault_23, kennysheep_generic_room_3

Skill      XL: |  1  2  3  4  5 |
---------------+----------------+-----
Transmutations | 1 |  1.9
Dodging        | 2 |  2.3
Stealth        | 2 |  2.3
Short Blades   | 1 |  1.7
Fighting       | 1 |  1.4
Spellcasting   | 3 |  3.0
Poison Magic   | |  3.9

Action                   |  1- 3 |  4- 6 || total
-------------------------+-------+-------++-------
Melee: Dagger            |    94 |    18 ||   112
       Unarmed           |     2 |       ||     2
       Punch             |     1 |     1 ||     2
       Kick              |     7 |       ||     7
       Short sword       |       |    42 ||    42
 Cast: Sting             |    46 |    34 ||    80
  Use: Scroll            |       |     4 ||     4
 Stab: Sleeping          |     1 |     1 ||     2
Armor: Robe              |    26 |    14 ||    40
Dodge: Dodged            |    55 |    30 ||    85
